 Dungeon Crawl Stone Soup version 0.19-b1-4-gd8a0a2a (webtiles) character file.

2781 RudyRod the Blocker (level 9, -2/123 HPs)
             Began as a Minotaur Fighter on Oct 30, 2016.
             Was a Believer of Okawaru.
             Slain by a sky beast (6 damage)
             ... on level 7 of the Dungeon.
             The game lasted 00:22:19 (6658 turns).

RudyRod the Blocker (Minotaur Fighter)              Turns: 6658, Time: 00:22:21

Health: -2/123     AC:  8    Str: 26 (28) XL:     9   Next: 43%
Magic:  8/8        EV:  2    Int:  2 (5)  God:    Okawaru [**....]
Gold:   611        SH: 11    Dex: 12      Spells: 0 memorised, 8 levels left

rFire  . . .     SeeInvis .     a - +0 long sword
rCold  . . .     Gourm    .     (armour currently unavailable)
rNeg   + + +     Faith    .     c - +0 shield
rPois  +         Spirit   .     (helmet currently unavailable)
rElec  .         Reflect  .     (cloak currently unavailable)
rCorr  .         Harm     .     (gloves currently unavailable)
MR     +....     NoTele   +     (boots currently unavailable)
Stlth  +.........               (no amulet)
                                z - +3 ring of strength
                                q - ring of protection from magic

@: mighty, tree-form, corroded, drained
A: (retaliatory headbutt), (horns 0), deterioration 2, mutation resistance 1,
robust 1, weak 1, wild magic 1, MP-powered wands
a: Heroism, Renounce Religion


You were on level 7 of the Dungeon.
You worshipped Okawaru.
Okawaru was pleased with you.
You were not hungry.
You were a tree.
You visited 2 branches of the dungeon, and saw 8 of its levels.
You also visited: Ossuary.

You collected 611 gold pieces.

Inventory:

Hand Weapons
 a - a +0 long sword (weapon)
Armour
 b - a +0 scale mail (melded)
 c - a +0 shield (worn)
 j - a +0 large shield
 B - a +0 cloak (melded)
Jewellery
 q - a ring of protection from magic (left branch)
 w - a +1 ring of evasion
 z - a +3 ring of strength (right branch)
 E - a cursed ring of protection from magic
Wands
 s - a wand of enslavement (12/24)
 u - a wand of iceblast (7/15)
Scrolls
 h - a scroll of teleportation {unknown}
 i - 7 scrolls of identify {unknown}
 m - a scroll of noise {unknown}
 n - 3 scrolls of amnesia {unknown}
 o - 2 scrolls of remove curse {unknown}
 r - 8 scrolls of blinking {unknown}
 v - 2 scrolls of immolation {unknown}
 y - 3 scrolls of recharging {unknown}
Potions
 d - 3 potions of might
 e - 3 potions of resistance
 l - 2 potions of curing
 t - 2 potions of brilliance
 x - 3 potions of lignification
 D - a potion of invisibility
Books
 F - a book of Changes

   Spells                             Type                      Level
   a - Beastly Appendage              Transmutation                1
   b - Sticks to Snakes               Transmutation                2
   c - Spider Form                    Transmutation/Poison         3
   d - Ice Form                       Ice/Transmutation            4
   e - Blade Hands                    Transmutation                5
Comestibles
 f - 5 bread rations
 g - a royal jelly
 k - 3 meat rations
 A - 2 chunks of flesh
 C - a beef jerky
 G - a slice of pizza


   Skills:
 + Level 6.0(5.0) Fighting
 + Level 8.0(6.9) Long Blades
 * Level 8.3(7.2) Armour
 * Level 5.3(4.3) Dodging
 + Level 0.6(0.0) Stealth
 * Level 9.0(7.8) Shields


You had 8 spell levels left.
You didn't know any spells.

Dungeon Overview and Level Annotations

Branches:
Dungeon (7/15)             Temple (1/1) D:5

Altars:
Ashenzari
Cheibriados
Dithmenos
Elyvilon
Fedhas
Gozag
Hepliaklqana
Kikubaaqudgha
Makhleb
Nemelex Xobeh
Okawaru
Qazlal
Ru
Sif Muna
Trog
Uskayaw
Vehumet
Xom
Yredelemnul
Zin
The Shining One


Innate Abilities, Weirdness & Mutations

((You reflexively headbutt those who attack you in melee.))
((You have a pair of horns on your head.))
Your body often deteriorates upon taking damage.
You are somewhat resistant to further mutation.
You are robust. (+10% HP)
You are weak. (Str -2)
Your spells are a little harder to cast, but a little more powerful.
You expend magic power (3 MP) to strengthen your wands.


Message History

* * * LOW HITPOINT WARNING * * *
You block the wight's attack.
You feel better. The sky beast barely misses you. The wight misses you.
You furiously retaliate!
You headbutt the wight!
You destroy the wight!
Okawaru accepts your kill.
Your base Shields skill increases to level 9!
You turn into a tree.
Your +0 cloak melds into your body.
Your +0 scale mail melds into your body.
Your roots penetrate the ground.
The sky beast hits you.
* * * LOW HITPOINT WARNING * * *
The sky beast shocks you.
* * * LOW HITPOINT WARNING * * *
You slash the ogre!
The ogre is heavily wounded.
You block the sky beast's attack. You block the ogre's attack.
The sky beast hits you.
* * * LOW HITPOINT WARNING * * *
The sky beast shocks you.
You die...

#. #.# ###.o## #.# ###
.......########## #(# ##.#
......)..%z.....#####.####.#.
#...?....O.............<..###
#.#..#.#####z##.###...####)#.
#. #. #o##.# #.### ##.# # #.
#O##.# #.# #.# .. #♣##.# #.#
#.# .. #Y##.###.# #.# ...
.........# #.# ......>..##
#.# ###.##. #.# #.# ..# .##.#
#.# #. #.## ##.########.# # #
#. #.##.##....<...... ..#. #.
.#....#######.#


You could see a sky beast, an ogre, a wight and an orc.

Vanquished Creatures
  Sigmund (D:3)
  The ghost of Nicoed the Conjurer, an amateur DECj (D:5)
  Edmund (D:4)
  An ice beast (D:6)
  2 sky beasts
  2 black bears
  A necrophage (D:5)
  2 centaurs (D:6)
  3 bullfrogs
  An elf zombie (D:4)
  2 elf skeletons (D:4)
  A scorpion (D:4)
  6 wights
  A howler monkey (D:5)
  2 crimson imps
  3 hounds
  An orc priest (D:5)
  A bullfrog skeleton (D:5)
  2 jellies (D:7)
  2 human skeletons (D:4)
  3 iguanas
  5 orc wizards
  3 worker ants
  8 mummies (Ossuary)
  A worker ant zombie (D:7)
  9 adders
  2 shadow imps
  2 oozes (D:1)
  An adder zombie (D:6)
  An adder skeleton (D:5)
  2 worms (D:2)
  2 dart slugs
  3 leopard geckos
  15 orcs
  3 giant cockroaches
  2 gnoll zombies (Ossuary)
  6 goblins
  5 hobgoblins
  3 jackals (D:2)
  A quokka (D:3)
  A ball python (D:1)
  8 bats
  2 frilled lizards
  2 hobgoblin zombies (Ossuary)
  A jackal skeleton (D:4)
  8 kobolds
  A kobold zombie (Ossuary)
  4 orc zombies
  A quokka skeleton (D:5)
  A quokka zombie (D:5)
  5 rats
147 creatures vanquished.

Notes
Turn   | Place    | Note
-------+----------+-------------------------------------------
     0 | D:1      | RudyRod the Minotaur Fighter began the quest for the Orb.
     0 | D:1      | Reached XP level 1. HP: 19/19 MP: 0/0
    81 | D:1      | Reached XP level 2. HP: 27/27 MP: 1/1
   278 | D:1      | Reached skill level 4 in Shields
   626 | D:1      | Reached XP level 3. HP: 31/33 MP: 2/2
  1027 | D:2      | Reached XP level 4. HP: 40/40 MP: 3/3
  1509 | D:3      | Found a blossoming altar of Fedhas.
  1533 | D:3      | Found a glowing golden altar of the Shining One.
  1658 | D:3      | Found a shattered altar of Ashenzari.
  1931 | D:3      | Noticed Sigmund
  1936 | D:3      | Killed Sigmund
  1936 | D:3      | Reached skill level 5 in Armour
  1936 | D:3      | Reached skill level 1 in Dodging
  1936 | D:3      | Reached skill level 5 in Shields
  1936 | D:3      | Reached XP level 5. HP: 32/46 MP: 4/4
  1936 | D:3      | Reached XP level 6. HP: 36/52 MP: 5/5
  2563 | D:4      | Noticed Edmund
  2579 | D:4      | Killed Edmund
  2579 | D:4      | Reached skill level 6 in Shields
  2882 | D:4      | Reached XP level 7. HP: 9/60 MP: 6/6
  2885 | D:4      | Gained mutation: You expend magic power (3 MP) to strengthen your wands. [potion of mutation]
  2885 | D:4      | Gained mutation: Your spells are a little harder to cast, but a little more powerful. [potion of mutation]
  2885 | D:4      | Gained mutation: Your body sometimes deteriorates upon taking damage. [potion of mutation]
  2885 | D:4      | HP: 2/60 [poisoned by a scorpion]
  3062 | D:4      | Found a sand-covered staircase.
  3077 | Ossuary  | Entered an ossuary
  3378 | Ossuary  | Reached skill level 5 in Long Blades
  3822 | D:4      | Found a shadowy altar of Dithmenos.
  4049 | D:5      | Entered Level 5 of the Dungeon
  4056 | D:5      | Reached XP level 8. HP: 67/67 MP: 7/7
  4059 | D:5      | Found a staircase to the Ecumenical Temple.
  4071 | Temple   | Entered the Ecumenical Temple
  4201 | Temple   | Became a worshipper of Warmaster Okawaru
  4437 | D:5      | Reached skill level 5 in Fighting
  4437 | D:5      | Reached skill level 7 in Shields
  4628 | D:5      | Gained mutation: You are robust. (+10% HP) [mutagenic meat]
  4629 | D:5      | Gained mutation: Your body often deteriorates upon taking damage. [mutagenic meat]
  4630 | D:5      | Gained mutation: You are somewhat resistant to further mutation. [mutagenic meat]
  4631 | D:5      | Gained mutation: You are weak. (Str -2) [mutagenic meat]
  4808 | D:5      | Noticed Nicoed's ghost (amateur DECj)
  4817 | D:5      | Killed Nicoed's ghost
  4817 | D:5      | Reached * piety under Okawaru
  5176 | D:5      | Found a sacrificial altar of Ru.
  5553 | D:6      | Reached skill level 5 in Dodging
  5553 | D:6      | Reached XP level 9. HP: 79/82 MP: 8/8
  5593 | D:6      | Reached skill level 8 in Shields
  5726 | D:6      | Found a blossoming altar of Fedhas.
  5955 | D:6      | Reached ** piety under Okawaru
  6319 | D:7      | Found an iron altar of Okawaru.
  6655 | D:7      | HP: 2/82 [sky beast (5)]
  6656 | D:7      | Reached skill level 9 in Shields
  6658 | D:7      | Slain by a sky beast

Skill      XL: |  1  2  3  4  5  6  7  8  9 |
---------------+----------------------------+-----
Fighting       | 4 5 6 |  6.0
Shields        | 4 5 6 7 9 |  9.0
Armour         | 4 5 6 7 8 |  8.3
Long Blades    | 3 4 5 7 8 |  8.0
Dodging        | 1 2 5 |  5.3
Stealth        | |  0.6

Action                   |  1- 3 |  4- 6 |  7- 9 || total
-------------------------+-------+-------+-------++-------
Melee: Long sword        |    87 |    83 |   327 ||   497
       Headbutt          |    16 |    24 |    81 ||   121
  Use: Potion            |       |     2 |    17 ||    19
  Eat: Chunk             |       |     5 |     8 ||    13
       Bread ration      |       |     1 |     1 ||     2
       Meat ration       |       |       |     1 ||     1
Armor: Scale mail        |    47 |    25 |    98 ||   170
Dodge: Dodged            |    32 |    27 |    99 ||   158
Block: Shield            |    58 |    59 |   160 ||   277
       Rpst.: Long sword |     9 |     7 |    27 ||    43
